 Dungeon Crawl Stone Soup version 0.30-a0-283-gf371ce1921 (webtiles) character file.

Game seed: 3001520405129884392

40 Essalna the Insei (level 3, -3/24 HPs)
             Began as an Octopode Transmuter on Oct 17, 2022.
             Splashed by a jelly's acid (5 damage)
             ... on level 2 of the Dungeon.
             The game lasted 00:01:54 (943 turns).

Essalna the Insei (Octopode Transmuter)              Turns: 943, Time: 00:01:55

Health: -3/24      AC: -7    Str: 11    XL:     3   Next: 50%
Magic:  6/6        EV: 13    Int: 21    God:
Gold:   156        SH:  0    Dex: 12    Spells: 5/6 levels left

rFire   . . .      SeeInvis .      - Unarmed
rCold   . . .      Faith    .    (no shield)
rNeg    . . .      Spirit   .    (helmet currently unavailable)
rPois   .          Reflect  .    e - amulet of magic regeneration
rElec   .          Harm     .    k - +6 ring of intelligence
rCorr   .          Rampage  .    (no ring)
Will    .....                    (no ring)
Stlth   ++........               (no ring)
HPRegen 0.24/turn                (no ring)
MPRegen 0.50/turn                (no ring)
                                 (no ring)
                                 (no ring)

@: appendages, corroded
A: tentacle spike 3, almost no armour, amphibious, 8 rings, camouflage 1,
gelatinous body 1, (nimble swimmer 1), tentacles
a: End Transformation


You were on level 2 of the Dungeon.
One of your tentacles had grown a beastly spike.
You visited 1 branch of the dungeon, and saw 2 of its levels.

You collected 156 gold pieces.

Inventory:

Magical Staves
 c - a staff of air
 f - a staff of death
Jewellery
 e - an amulet of magic regeneration (around mantle)
 k - a +6 ring of intelligence (left tentacle)
Scrolls
 b - 4 scrolls of identify {unknown}
 g - a scroll of immolation {unknown}
 h - a scroll of magic mapping {unknown}
 j - a scroll of blinking {unknown}
Potions
 a - a potion of lignification
 d - 2 potions of curing {unknown}
 i - a potion of magic {unknown}


   Skills:
 + Level 2.0 Fighting
 - Level 2.0 Dodging
 + Level 3.5 Unarmed Combat
 - Level 2.0 Spellcasting
 + Level 2.6 Transmutations


You had 5 spell levels left.
You knew the following spells:

 Your Spells              Type           Power      Damage    Failure   Level
a - Beastly Appendage     Tmut           26%        N/A       4%          1

Your spell library contained the following spells:

 Spells                   Type           Power      Damage    Failure   Level
 Wereblood                Tmut           13%        N/A       8%          2
 Spider Form              Tmut/Pois      7%         N/A       26%         3
 Ice Form                 Ice/Tmut       7%         N/A       63%         4


Dungeon Overview and Level Annotations

Branches:
Dungeon (2/15)

Altars:


Innate Abilities, Weirdness & Mutations

One of your tentacles has grown a beastly spike.
You cannot wear most types of armour.
You are amphibious.
You can wear up to eight rings at the same time.
Your skin changes colour to match your surroundings (Stealth+).
Your rubbery body absorbs attacks. (AC +1, EV +1)
((You are camouflaged when in or above water. (Stealth+)))
You have tentacles for arms and can constrict up to eight enemies at once.


Message History

Found two rat skeletons.
There are monsters nearby!
You extend your transformation's duration.
A nearby fungus withers and dies. 3 jellies and 7 endoplasms come into view.
Found five items.
The jelly quivers.
The endoplasm quivers.
The endoplasm hits the toadstool.
The endoplasm hits the fungus. x2
The fungus begins to die.
The jelly hits the fungus.
The fungus is splashed with acid.
The fungus seems to be corroded for longer.
The jelly quivers.
There is an open door here.
The endoplasm quivers. x2
You tentacle-slap the jelly. The acid corrodes you!
Your tentacles burn!
You pierce the jelly.
The jelly is moderately wounded.
The endoplasm quivers.
A nearby fungus withers and dies.
The endoplasm hits the toadstool.
The toadstool is destroyed!
The jelly hits you. The acid corrodes you!
You are splashed with acid!
The endoplasm closely misses you.
The endoplasm hits the toadstool.
The endoplasm quivers. x2
You are too injured to fight recklessly!
The endoplasm attacks as you move away! The endoplasm hits you.
* * * LOW HITPOINT WARNING * * *
You tentacle-slap the jelly.
Your tentacles burn!
* * * LOW HITPOINT WARNING * * *
You pierce the jelly, but do no damage.
The jelly is moderately wounded.
The jelly barely misses you.
You tentacle-slap the jelly but do no damage.
Your tentacles burn!
* * * LOW HITPOINT WARNING * * *
You pierce the jelly.
The jelly is heavily wounded.
The jelly closely misses you.
You tentacle-slap the jelly but do no damage.
Your tentacles burn!
You die...

#.........###.....##
#..)......##.......#
#.........##.......#
#.........##.......#
#.#.####+###.......#
#.#...# #....####
#.#.#.# #....'..##
#.#.#.# ########.#
#.#.#.##.# ##J@)...##
###........# #J#######
...##.#.#####..J.÷P..J
##.##.#....##...J.PJ÷J
##.##.##...##.P.J.JJ..
##.##.##...##.P.P.P.P.
.......##..##÷J÷PJ÷.P.
...###.##..##...P.÷.P$
.......##..###########


You could see 2 jellies.

Vanquished Creatures
  A dart slug (D:1)
  2 ball pythons (D:1)
  A bat (D:1)
  5 endoplasms
  5 hobgoblins (D:1)
  2 quokkas (D:1)
  2 frilled lizards (D:1)
  5 goblins (D:1)
  8 kobolds
  3 rats
34 creatures vanquished.

Vanquished Creatures (others)
  5 fungi (D:2)
  3 toadstools (D:2)
8 creatures vanquished.

Grand Total: 42 creatures vanquished

Notes
Turn   | Place    | Note
-------+----------+-------------------------------------------
     0 | D:1      | Essalna the Octopode Transmuter began the quest for the
                  | Orb.
     0 | D:1      | Reached XP level 1. HP: 13/13 MP: 3/3
   191 | D:1      | Reached XP level 2. HP: 16/18 MP: 1/5
   420 | D:1      | Reached XP level 3. HP: 14/24 MP: 4/6
   943 | D:2      | Splashed by a jelly's acid

Illustrated notes

Levels and vault maps discovered:
D:1:      dpeg_arrival_rooms_b, layout_basic, dreamdust_wishing_well
D:2:      cheibrodos_fertilizer, layout_basic

Skill      XL: |  1  2  3 |
---------------+----------+-----
Fighting       | 2 |  2.0
Dodging        | |  2.0
Unarmed Combat | |  3.5
Spellcasting   | |  2.0
Transmutations | |  2.6

Action                   || total
-------------------------++-------
Melee: Unarmed           ||    67
       Tentacles         ||    19
       Kick              ||    16
       Constrict         ||    13
 Cast: Beastly Appendage ||    24
 Stab: Sleeping          ||     6
Armor: Skin              ||     2
Dodge: Dodged            ||    33

Table legend: (Time is in decaauts)
 A = Elapsed time spent in this place.
 B = Non-inter-level travel time spent in this place.
 C = Inter-level travel time spent in this place.
 D = Time resting spent in this place.
 E = Time spent auto-exploring this place.
 F = Levels seen in this place.
 G = Mean time per level.
                   A        B        C        D        E       F      G
               +--------+--------+--------+--------+--------+-----+--------+
         Total |    938 |    907 |     31 |      0 |    646 |   2 |  469.0 |
       Dungeon |    938 |    907 |     31 |      0 |    646 |   2 |  469.0 |
               +--------+--------+--------+--------+--------+-----+--------+

Top non-repeatable levels by time:
     D:1: 749 daAuts
     D:2: 189 daAuts
